 Dungeon Crawl Stone Soup version 0.30-a0-918-g0ff054e9dc (webtiles) character file.

Game seed: 17462325365896907316

163 Dittersdorf the Shield-Bearer (level 5, 0/42 HPs)
             Began as a Human Fighter on Mar 20, 2023.
             Slain by a gnoll
             ... wielding a +0 spear
             ... led by a gnoll bouda
              (1 damage)
             ... on level 3 of the Dungeon.
             The game lasted 00:02:15 (2224 turns).

Dittersdorf the Shield-Bearer (Human Fighter)       Turns: 2224, Time: 00:02:16

Health: 0/42       AC:  9    Str: 18    XL:     5   Next: 73%
Magic:  5/5        EV:  6    Int:  9    God:
Gold:   154        SH:  5    Dex: 12    Spells: 4/4 levels left

rFire   . . .      SeeInvis +    a - +0 long sword
rCold   . . .      Faith    .    c - +0 buckler
rNeg    . . .      Spirit   .    l - +0 chain mail
rPois   .          Reflect  .    (no helmet)
rElec   .          Rampage  .    (no cloak)
rCorr   .                        (no gloves)
Will    .....                    (no boots) Stlth
                                 (no amulet)
HPRegen 0.27/turn                j - ring of see invisible
MPRegen 0.09/turn                (no ring)

@: no status effects
A: no striking features
a: no special abilities


You were on level 3 of the Dungeon.
You visited 1 branch of the dungeon, and saw 3 of its levels.

You collected 154 gold pieces.

Inventory:

Hand Weapons
 a - a +0 long sword (weapon)
Missiles
 r - 2 poisoned darts (quivered)
Armour
 c - a +0 buckler (worn)
 l - a +0 chain mail (worn)
Jewellery
 j - a ring of see invisible (left hand)
Scrolls
 e - a scroll of amnesia {unknown}
 f - 3 scrolls of magic mapping {unknown}
 g - 2 scrolls of enchant weapon {unknown}
 h - a scroll of enchant armour {unknown}
 m - 2 scrolls of identify {unknown}
 o - a scroll of vulnerability {unknown}
 p - a scroll of torment {unknown}
 q - a scroll of fear {unknown}
 s - a scroll of brand weapon {unknown}
Potions
 b - a potion of flight {unknown}
 d - a potion of might
 i - a potion of degeneration {unknown}
 k - a potion of ambrosia {unknown}
 n - 2 potions of heal wounds {unknown}


   Skills:
 + Level 3.9 Fighting
 + Level 3.1 Long Blades
 + Level 3.9 Armour
 + Level 3.9 Shields


You had 4 spell levels left.
You didn't know any spells.
Your spell library was empty.

Dungeon Overview and Level Annotations

Branches:
Dungeon (3/15)

Altars:


Message History

The gnoll bouda is heavily wounded.
Your attacks no longer feel as feeble.
The gnoll bouda hits you with a +0 whip.
You closely miss the gnoll bouda.
The gnoll bouda is heavily wounded.
The gnoll bouda hits you with a +0 whip!
* * * LOW HITPOINT WARNING * * *
You completely miss the gnoll bouda.
The gnoll bouda is heavily wounded.
The gnoll bouda hits you but does no damage.
The gnoll bouda hits you with a +0 whip.
* * * LOW HITPOINT WARNING * * *
You hit the gnoll bouda.
The gnoll bouda is heavily wounded.
The gnoll is no longer moving quickly. x3; You block the gnoll bouda's attack.
You hit the gnoll bouda.
The gnoll bouda is severely wounded.
The gnoll bouda barely misses you.
You hit the gnoll bouda.
You kill the gnoll bouda!
You completely miss the gnoll. The gnoll barely misses you.
The gnoll hits you but does no damage.
You barely miss the gnoll. The gnoll hits you with a +0 club.
* * * LOW HITPOINT WARNING * * *
You block the gnoll's attack. The gnoll barely misses you.
You hit the gnoll.
The gnoll is lightly wounded.
The gnoll hits you but does no damage. The gnoll barely misses you.
You slash the gnoll!
The gnoll is almost dead.
The gnoll hits you but does no damage. The gnoll hits you with a +0 club.
* * * LOW HITPOINT WARNING * * *
You hit the gnoll but do no damage.
The gnoll is almost dead.
The gnoll hits you from afar with a +0 spear.
* * * LOW HITPOINT WARNING * * *
The gnoll hits you with a +0 club.
* * * LOW HITPOINT WARNING * * *
The gnoll hits you from afar with a +0 spear.
You die...

#...#.# #.# #..##.#
#.######### ......#
#.#........ .#.##.#
#..........
##.##.#########.#######
#.##...........#
#.############## ##.#
###############
...#####........@ggg.#
##.......###########.#
#########


You could see 3 gnolls.

Vanquished Creatures
  A gnoll bouda (D:3)
  5 gnolls
  4 adders
  2 dart slugs (D:1)
  An orc (D:3)
  7 ball pythons
  6 endoplasms
  A giant cockroach (D:3)
  A goblin (D:3)
  5 hobgoblins
  4 jackals (D:1)
  A quokka (D:1)
  A bat (D:1)
  4 frilled lizards
  4 kobolds
  2 rats
49 creatures vanquished.

Notes
Turn   | Place    | Note
-------+----------+-------------------------------------------
     0 | D:1      | Dittersdorf the Human Fighter began the quest for the Orb.
     0 | D:1      | Reached XP level 1. HP: 18/18 MP: 1/1
   106 | D:1      | Reached XP level 2. HP: 24/24 MP: 2/2
   360 | D:1      | Reached XP level 3. HP: 8/29 MP: 3/3
  1093 | D:2      | Reached XP level 4. HP: 35/35 MP: 4/4
  1450 | D:2      | Reached XP level 5. HP: 39/42 MP: 5/5
  1717 | D:3      | Found a faded altar of an unknown god.
  2224 | D:3      | HP: 2/42 [gnoll/+0 spear[a gnoll bouda] (1)]
  2224 | D:3      | Slain by a gnoll

Illustrated notes

Levels and vault maps discovered:
D:1:      giann_wishing_wells, layout_basic
D:2:      layout_basic
D:3:      layout_loops_ring, mainiacjoe_overflow_two_lobes,
          ebering_ecumenical_altar_petrified, minmay_three_crescents

Skill      XL: |  1  2  3  4  5 |
---------------+----------------+-----
Long Blades    | 3 |  3.1
Fighting       | |  3.9
Armour         | |  3.9
Shields        | |  3.9

Action                     |  1- 3 |  4- 6 || total
---------------------------+-------+-------++-------
  Melee: Long sword        |    89 |   102 ||   191
 Armour: Scale mail        |    56 |       ||    56
         Chain mail        |     4 |    48 ||    52
  Dodge: Dodged            |    42 |    17 ||    59
  Block: Buckler           |    30 |    14 ||    44

Table legend: (Time is in decaauts)
 A = Elapsed time spent in this place.
 B = Non-inter-level travel time spent in this place.
 C = Inter-level travel time spent in this place.
 D = Time resting spent in this place.
 E = Time spent auto-exploring this place.
 F = Levels seen in this place.
 G = Mean time per level.
                   A        B        C        D        E       F      G
               +--------+--------+--------+--------+--------+-----+--------+
         Total |   2282 |   2250 |     32 |     10 |   1816 |   3 |  760.7 |
       Dungeon |   2282 |   2250 |     32 |     10 |   1816 |   3 |  760.7 |
               +--------+--------+--------+--------+--------+-----+--------+

Top non-repeatable levels by time:
     D:1: 912 daAuts
     D:2: 843 daAuts
     D:3: 525 daAuts
